 Dungeon Crawl Stone Soup version 0.31-a0-627-gd65175cf8b (webtiles) character file.

Game seed: 11952029895688185781

7361 GordonOverkill the Covert (level 11, 0/56 HPs)
             Began as a Vine Stalker Delver on Aug 25, 2023.
             Was a Priest of Sif Muna.
             Slain by Erolcha
             ... wielding a +0 giant club
              (26 damage)
             ... on level 9 of the Dungeon.
             The game lasted 00:24:10 (12383 turns).

GordonOverkill the Covert (Vine Stalker Delver)    Turns: 12383, Time: 00:24:11

Health: 0/56       AC:  7    Str:  9    XL:     11   Next: 14%
Magic:  0/23       EV: 17    Int: 13    God:    Sif Muna [***...]
Gold:   433        SH:  0    Dex: 17    Spells: 21/25 levels left

rFire   . . .        b - +6 hammer of Dylyovuo {protect, rC+ rN+ Str-5}
rCold   + . .        (no shield)
rNeg    + + .        k - +2 robe {Will+}
rPois   +            A - +2 hat
rElec   .            f - +2 ratskin cloak {*Rats rPois rN+ Str-1 Int-1 Dex+1}
rCorr   .            x - +0 pair of gloves
SInv    .            B - +0 pair of boots
Will    ++...        H - amulet of faith
Stlth   ++++         w - +5 ring of evasion
HPRegen 1.09/turn    e - ring of poison resistance
MPRegen 0.18/turn

%: guardian spirit, faith
@: corroded
A: fangs 3, regeneration 1, magic shield, antimagic bite, no potion heal 2
a: Renounce Religion, Channel Magic, Forget Spell


You were on level 9 of the Dungeon.
You worshipped Sif Muna.
Sif Muna was most pleased with you.
You visited 1 branch of the dungeon, and saw 9 of its levels.

You collected 433 gold pieces.

Inventory:

Hand Weapons
 b - the +6 hammer of Dylyovuo (weapon) {protect, rC+ rN+ Str-5}
   (You found it on level 3 of the Dungeon)

   Str-5:     It affects your strength (-5).
   rC+:       It protects you from cold.
   rN+:       It protects you from negative energy.
Missiles
 n - 6 poisoned darts (quivered)
 u - 4 throwing nets
Armour
 f - the +2 ratskin cloak (worn) {*Rats rPois rN+ Str-1 Int-1 Dex+1}
   (You found it on level 7 of the Dungeon)

   *Rats:     When the wearer is hurt, rats may emerge from it to assist them.
   Str-1:     It affects your strength (-1).
   Int-1:     It affects your intelligence (-1).
   Dex+1:     It affects your dexterity (+1).
   rPois:     It protects you from poison rN+: It protects you from negative
   energy.
 k - a +2 robe of willpower (worn)
 x - a +0 pair of gloves (worn)
 y - a scarf of invisibility
 z - a +2 robe of cold resistance
 A - a +2 hat (worn)
 B - a +0 pair of boots (worn)
 G - a +2 buckler
Jewellery
 e - a ring of poison resistance (right hand)
 w - a +5 ring of evasion (left hand)
 F - a ring of fire
 H - an amulet of faith (around neck)
Wands
 a - a wand of iceblast (2)
 g - a wand of digging (1)
 q - a wand of polymorph (7)
 s - a wand of flame (8)
 D - a wand of paralysis (9)
Scrolls
 c - 4 scrolls of fog
 d - a scroll of revelation
 h - a scroll of poison {unknown}
 i - a scroll of amnesia
 j - a scroll of blinking {unknown}
 l - 3 scrolls of teleportation
 m - a scroll of noise {unknown}
 p - a scroll of vulnerability
 r - a scroll of enchant weapon
 I - a scroll of immolation {unknown}
Potions
 o - 8 potions of curing
 v - a potion of ambrosia
 C - a potion of resistance
 E - a potion of invisibility


   Skills:
 + Level 5.9 Fighting
 - Level 2.0 Short Blades
 - Level 1.0 Throwing
 - Level 2.0 Dodging
 - Level 8.0 Stealth
 - Level 7.0 Shields
 + Level 7.8 Spellcasting
 - Level 5.0 Conjurations
 - Level 7.0 Fire Magic
 + Level 4.4 Invocations
 + Level 2.7 Evocations


You had 21 spell levels left.
You knew the following spells:

 Your Spells              Type           Power      Damage    Failure   Level
a - Foxfire               Conj/Fire      80%        2x1d8     1%          1
b - Apportation           Tloc           10%        N/A       14%         1
c - Passwall              Tmut/Erth      4%         N/A       22%         2

Your spell library contained the following spells:

 Spells                   Type           Power      Damage    Failure   Level
 Necrotise                Necr           20%        1d5       14%         1
 Sting                    Tmut/Pois      20%        1d4       14%         1
 Summon Small Mammal      Summ           20%        N/A       14%         1
 Dazzling Flash           Conj/Hex       22%        N/A       16%         3
 Ensorcelled Hibernation  Hex/Ice        10%        N/A       22%         2
 Swiftness                Air            5%         N/A       38%         3
 Agony                    Necr           5%         N/A       98%         5
 Silence                  Hex/Air        2%         N/A       98%         5


Dungeon Overview and Level Annotations

Branches:
Dungeon (9/15)             Temple (0/1) D:6
   Lair: D:8-11         Orc: D:9-12

Altars:
Dithmenos
Gozag
Kikubaaqudgha
Nemelex Xobeh
Qazlal
Ru
Sif Muna
Trog
Uskayaw
Wu Jian
Xom
Yredelemnul
Zin

Shops:
D:1 (

Annotations:
D:3 1 runed translucent door, Crazy Yiuf
D:7 2 runed translucent doors, AdnanSaban's ghost, novice GrFi
D:9 Erolcha; Harold


Innate Abilities, Weirdness & Mutations

You have razor-sharp teeth.
Your natural rate of healing is unusually fast.
When hurt, damage is shared between your health and your magic reserves.
Your bite disrupts and absorbs the magic of your enemies.
Potions cannot restore your health.


Message History

The black bear claws you but does no damage.
The black bear bites you. The black bear closely misses you.
The black bear claws you but does no damage.
You hit the black bear.
You bite the black bear, but do no damage.
The black bear is almost dead.
The black bear goes berserk!
You hit the black bear. You bite the black bear.
You kill the black bear!
Sif Muna accepts your kill.
Things that are here:
a black bear corpse; a scorpion corpse
There is an escape hatch in the floor here.
Casting: Foxfire (safe; 1% risk of failure)
Confirm with . or Enter, or press ? or * to list all spells.
You conjure some foxfire!
Something hits you!!
Casting: Foxfire (safe; 1% risk of failure)
Confirm with . or Enter, or press ? or * to list all spells.
You conjure some foxfire!
The foxfire hits something. x2; Something hits you!
* * * LOW HITPOINT WARNING * * *
Casting: Foxfire (safe; 1% risk of failure)
Confirm with . or Enter, or press ? or * to list all spells.
You conjure some foxfire!
The foxfire hits something. x2
Casting: Foxfire (safe; 1% risk of failure)
Confirm with . or Enter, or press ? or * to list all spells.
You conjure some foxfire!
The foxfire hits something. x2; Something hits you.
* * * LOW HITPOINT WARNING * * *
Casting: Foxfire (safe; 1% risk of failure)
Confirm with . or Enter, or press ? or * to list all spells.
You conjure some foxfire!
The foxfire hits something. x2
You hear a zap.
A bolt of acid appears from out of thin air!
The bolt of acid hits you!
* * * LOW HITPOINT WARNING * * *
A hell rat scurries out from under your cloak.
The acid corrodes you!
Casting: Foxfire (safe; 1% risk of failure)
Confirm with . or Enter, or press ? or * to list all spells.
You conjure some foxfire!
The foxfire hits something. x2; Something hits you!!
You die...

#......>.# ..........
####.##### #......P.. #.#
#.P....... #.# ##.........
#.# #...)....P. ######.###
#...!..P... .........##
#....†....?
######.#.[######.{........
#.##....†.v@r........
#.#########§v....#### #.#
#......# #.# #......# #.#
####.### #.# .# ####'###
## #......# ###......#


You could see a friendly hell rat.

Vanquished Creatures
  Gastronok (D:8)
  Pikel (D:5)
  2 hornets (D:8)
  A shadow (D:9)
  Eustachio (D:4)
  10 yaks
  Menkaure (D:4)
  2 water moccasins
  3 black bears
  An orc warrior (D:5)
  A hornet zombie (D:7)
  A sky beast (D:8)
  An ice beast (D:8)
  4 centaurs
  2 lemures (D:5)
  Blork the orc (D:4)
  A bullfrog (D:9)
  A necrophage (D:7)
  4 gnoll sergeants
  2 scorpions
  7 wights
  A bullfrog zombie (D:7)
  7 hounds
  5 centaur zombies (D:7)
  3 gnoll boudas (D:7)
  3 orc priests
  A human zombie (D:7)
  A sleepcap (D:7)
  Terence (D:3)
  6 orc wizards
  17 gnolls
  4 adders
  A shadow imp (D:5)
  2 white imps
  2 ufetubi
  4 worms
  2 dart slugs
  23 orcs
  5 ball pythons
  6 endoplasms
  3 giant cockroaches
  7 goblins
  5 hobgoblins
  6 jackals (D:7)
  3 quokkas
  4 bats
  6 frilled lizards
  2 kobolds (D:2)
  6 rats
184 creatures vanquished.

Vanquished Creatures (collateral kills)
  An orc warrior (D:8)
  A sky beast (D:6)
  2 hornet zombies (D:7)
  A killer bee zombie (D:7)
5 creatures vanquished.

Vanquished Creatures (others)
  1443 foxfires
1443 creatures vanquished.

Grand Total: 1632 creatures vanquished

Notes
Turn   | Place    | Note
-------+----------+-------------------------------------------
     0 | D:5      | GordonOverkill the Vine Stalker Delver began the quest for
                  | the Orb.
     0 | D:5      | Reached XP level 1. HP: 11/11 MP: 2/2
    39 | D:7      | Found a large runed translucent door.
    39 | D:7      | Found a large runed translucent door.
    66 | D:7      | Found a shimmering blue altar of Sif Muna.
    73 | D:7      | Got Sif Muna's Catalogue of Kindling
    75 | D:7      | Got Sif Muna's Catalogue of Venin
    81 | D:7      | Became a worshipper of Sif Muna the Loreminder
   148 | D:5      | Noticed an ogre
   217 | D:5      | Reached XP level 2. HP: 16/16 MP: 3/3
   335 | D:7      | Found the +2 ratskin cloak {*Rats rPois rN+ Str-1 Int-1
                  | Dex+1}
   371 | D:7      | Reached skill level 1 in Spellcasting
   371 | D:7      | Reached skill level 1 in Fire Magic
   371 | D:7      | Reached XP level 3. HP: 17/20 MP: 3/5
   398 | D:7      | Reached skill level 1 in Throwing
   398 | D:7      | Reached skill level 1 in Invocations
   398 | D:7      | Gained mutation: Your natural rate of healing is unusually
                  | fast. [Vine Stalker growth]
   398 | D:7      | Reached XP level 4. HP: 24/24 MP: 5/7
   419 | D:7      | Noticed a necrophage
   435 | D:7      | Found a basalt altar of Yredelemnul.
   451 | D:7      | Reached XP level 5. HP: 28/28 MP: 7/9
   525 | D:7      | Reached XP level 6. HP: 31/32 MP: 8/11
   527 | D:7      | Learned a level 1 spell: Foxfire
   683 | D:7      | Reached XP level 7. HP: 13/36 MP: 2/14
   911 | D:7      | Noticed AdnanSaban's ghost (novice GrFi)
  1361 | D:6      | Found a staircase to the Ecumenical Temple.
  1395 | D:6      | Reached * piety under Sif Muna
  1405 | D:6      | Reached skill level 5 in Spellcasting
  1405 | D:6      | Reached skill level 5 in Fire Magic
  1458 | D:5      | Found a sacrificial altar of Ru.
  1459 | D:5      | Found an ancient bone altar of Kikubaaqudgha.
  1475 | D:4      | Noticed Blork the orc
  1487 | D:4      | Killed Blork the orc
  1488 | D:4      | Reached skill level 1 in Conjurations
  1488 | D:4      | Gained mutation: You have razor-sharp teeth. [Vine Stalker
                  | growth]
  1488 | D:4      | Reached XP level 8. HP: 35/40 MP: 5/16
  1607 | D:3      | Noticed Terence
  1633 | D:3      | Killed Terence
  2214 | D:1      | Found Fudiun's Weapon Boutique.
  3260 | D:2      | Found a glowing silver altar of Zin.
  3844 | D:3      | Identified the +6 hammer of Dylyovuo {protect, rC+ rN+
                  | Str-5}
  3848 | D:3      | Found a runed translucent door.
  3849 | D:3      | Noticed Crazy Yiuf
  4208 | D:3      | Reached ** piety under Sif Muna
  4732 | D:4      | Noticed Menkaure
  4737 | D:4      | Killed Menkaure
  4920 | D:4      | Found a large runed translucent door.
  4921 | D:4      | Found a large runed translucent door.
  5378 | D:4      | Noticed Eustachio
  5387 | D:4      | Killed Eustachio
  5389 | D:4      | Found an opulent altar of Gozag.
  5751 | D:4      | Found a shimmering altar of Xom.
  5893 | D:4      | Found a hide-covered altar of Uskayaw.
  5962 | D:5      | Learned a level 1 spell: Apportation
  5965 | D:5      | Learned a level 2 spell: Passwall
  6059 | D:5      | Found a shadowy altar of Dithmenos.
  6398 | D:5      | Noticed Pikel
  6411 | D:5      | Killed Pikel
  6412 | D:5      | Reached XP level 9. HP: 46/46 MP: 9/20
  6520 | D:5      | Found an ornate altar of the Wu Jian Council.
  6642 | D:6      | Found a glowing silver altar of Zin.
  6648 | D:6      | Found a bloodstained altar of Trog.
  6835 | D:6      | Found a sparkling altar of Nemelex Xobeh.
  6998 | D:7      | Reached skill level 7 in Stealth
  7434 | D:7      | Reached skill level 5 in Fighting
  8001 | D:7      | Found a stormy altar of Qazlal.
  8353 | D:7      | Reached *** piety under Sif Muna
  8419 | D:7      | Reached skill level 8 in Stealth
  8496 | D:8      | Noticed Gastronok
  8535 | D:8      | Reached skill level 1 in Shields
  8535 | D:8      | Reached skill level 5 in Conjurations
  8689 | D:8      | Reached XP level 10. HP: 51/51 MP: 2/21
  9313 | D:8      | Reached skill level 5 in Shields
 11304 | D:9      | Reached skill level 1 in Evocations
 11611 | D:9      | Noticed Harold
 11921 | D:8      | Killed Gastronok
 11922 | D:8      | Reached XP level 11. HP: 26/56 MP: 1/23
 12358 | D:9      | Noticed Erolcha
 12383 | D:9      | Slain by Erolcha

Illustrated notes

Levels and vault maps discovered:
D:1:      nicolae_arrival_memento_mori, layout_basic, serial_shops,
          nicolae_shop_tiny_real_fake_doors
D:2:      layout_basic, basic_altar
D:3:      layout_basic, uniq_terence, uniq_crazy_yiuf_cottage
D:4:      layout_cave_pods, mainiacjoe_overflow_alcove_2, jmf_multi_god_temple2,
          uniq_menkaure, uniq_eustachio, uniq_blork_the_orc
D:5:      layout_gridville, lemuel_tele_altar,
          mainiacjoe_overflow_cross_hatched, grunt_temple_overflow_open,
          uniq_pikel, uniq_edmund
D:6:      layout_rooms, trog_book, kennysheep_mini,
          lemuel_coloured_pillars_altar, temple_fountains
D:7:      layout_cave_pools, mainiacjoe_overflow_chevrons,
          lemuel_mausoleum_altar_yredelemnul, nicolae_sif_muna_little_library,
          ebering_ghost_disaster_area, serial_gnoll_camp, gnoll_camp_mini_hut,
          gnoll_camp_huts_basic, gnoll_camp_mini_hut, gnoll_camp_mini_basic,
          gnoll_camp_mini_doghouse
D:8:      layout_gridville, uniq_gastronok
D:9:      layout_roguey, tso_metal_star, due_lair_maze_entry_diamond,
          uniq_erolcha, uniq_harold

Skill      XL: |  1  2  3  4  5  6  7  8  9 10 |
---------------+-------------------------------+-----
Short Blades   | 2 |  2.0
Fighting       | 3 4 5 |  5.9
Spellcasting   | 1 2 3 4 5 7 |  7.8
Fire Magic     | 1 2 3 4 5 7 |  7.0
Throwing       | 1 |  1.0
Dodging        | 2 |  2.0
Invocations    | 1 2 3 4 |  4.4
Conjurations   | 1 3 5 |  5.0
Stealth        | 8 |  8.0
Shields        | 2 7 |  7.0
Evocations     | 2 |  2.7

Action                     |  1- 3 |  4- 6 |  7- 9 | 10-12 || total
---------------------------+-------+-------+-------+-------++-------
  Melee: Short sword       |    25 |    84 |    52 |       ||   161
         Bite              |     8 |    37 |    41 |    14 ||   100
         Punch             |     1 |     2 |     1 |       ||     4
         Mace              |       |       |    62 |    34 ||    96
   Cast: Foxfire           |       |    16 |   496 |   298 ||   810
  Evoke: Wand              |     1 |       |     9 |     8 ||    18
    Use: Potion            |     1 |       |     2 |     1 ||     4
         Scroll            |       |       |     9 |     3 ||    12
   Stab: Sleeping          |     3 |     5 |     8 |       ||    16
         Paralysed         |       |       |       |     1 ||     1
         Invisible         |       |       |       |     3 ||     3
 Armour: Leather armour    |     9 |    45 |    42 |       ||    96
         Robe              |       |       |    31 |    34 ||    65
  Dodge: Dodged            |    11 |    63 |   229 |   116 ||   419

Table legend: (Time is in decaauts)
 A = Elapsed time spent in this place.
 B = Non-inter-level travel time spent in this place.
 C = Inter-level travel time spent in this place.
 D = Time resting spent in this place.
 E = Time spent auto-exploring this place.
 F = Levels seen in this place.
 G = Mean time per level.
                   A        B        C        D        E       F      G
               +--------+--------+--------+--------+--------+-----+--------+
         Total |  12398 |  12040 |    358 |   3983 |   5133 |   9 | 1377.6 |
       Dungeon |  12398 |  12040 |    358 |   3983 |   5133 |   9 | 1377.6 |
               +--------+--------+--------+--------+--------+-----+--------+

Top non-repeatable levels by time:
     D:7: 2521 daAuts
     D:8: 2515 daAuts
     D:4: 1352 daAuts
     D:2: 1190 daAuts
     D:3: 1158 daAuts
     D:5: 1061 daAuts
     D:9: 968 daAuts
     D:6: 847 daAuts
     D:1: 782 daAuts
